 Dungeon Crawl Stone Soup version 0.17-a0-2073-gde5cdba (webtiles) character file.

676 derrpe the Sneak (level 7, -3/32 HPs)
             Began as a Vine Stalker Enchanter on Oct 14, 2015.
             Was a Follower of Dithmenos.
             Slain by a giant frog (8 damage)
             ... on level 6 of the Dungeon.
             The game lasted 00:10:39 (5182 turns).

derrpe the Sneak (Vine Stalker Enchanter)           Turns: 5182, Time: 00:10:40

Health: -3/32      AC:  4    Str: 11    XL:     7   Next: 60%
Magic:  0/14       EV: 12    Int: 17    God:    Dithmenos [*.....]
Gold:   242        SH:  0    Dex: 14    Spells: 6 memorised, 0 levels left

rFire  . . .     SeeInvis .     C - +0 short sword (drain)
rCold  . . .     Clarity  .     v - +1 robe
rNeg   . . .     SustAt   .     (no shield)
rPois  .         Gourm    .     (no helmet)
rElec  .         Spirit   +     (no cloak)
rCorr  .         Warding  .     (no gloves)
rMut   .         Stasis   .     h - +0 pair of boots
MR     .....                    k - amulet of faith
Stlth  +++.......               (no ring)
                                (no ring)

@: wreathed by umbra, not resistant to hostile enchantments, fairly stealthy
A: fangs 2, regeneration 2, magic shield, antimagic bite, no device heal 3, rot
immunity
a: Renounce Religion


You were on level 6 of the Dungeon.
You worshipped Dithmenos.
Dithmenos was aware of your devotion.
You were not hungry.

You visited 1 branch of the dungeon, and saw 6 of its levels.

You collected 242 gold pieces.

Inventory:

Hand Weapons
 a - a +1 dagger
 b - a +0 blowgun
 w - a +3 dagger
 C - a +0 short sword of draining (weapon)
Missiles
 x - 4 poisoned needles
Armour
 h - a +0 pair of boots (worn)
 v - a +1 robe (worn)
Jewellery
 k - an amulet of faith (around neck)
 z - an uncursed amulet of warding {unknown}
Scrolls
 g - a scroll of amnesia {unknown}
 l - 9 scrolls of identify {unknown}
 m - 2 scrolls of holy word {unknown}
 n - a scroll of enchant armour {unknown}
 o - a scroll of noise {unknown}
 r - a scroll of recharging {unknown}
 t - 3 scrolls of remove curse {unknown}
 y - a scroll of immolation {unknown}
 B - a scroll of teleportation {unknown}
 G - a scroll of fog {unknown}
Potions
 e - a potion of flight {unknown}
 i - a potion of agility {unknown}
 j - 2 potions of mutation {unknown}
 p - 2 potions of curing
 q - 2 potions of haste {unknown}
 u - 2 potions of poison {unknown}
 I - a potion of brilliance {unknown}
Books
 c - a book of Maledictions

   Spells                             Type                      Level
   a - Corona                         Hexes                        1
   b - Ensorcelled Hibernation        Hexes/Ice                    2
   c - Confuse                        Hexes                        3
   d - Tukima's Dance                 Hexes                        3
   e - Dazzling Spray                 Conjuration/Hexes            3
 D - Maoxytrior's Incunabulum of Lucky Dislocation
   (You found it on level 5 of the Dungeon)

   Spells                             Type                      Level
   a - Repel Missiles                 Charms/Air                   2
   b - Blink                          Translocation                2
   c - Recall                         Summoning/Translocation      3
   d - Portal Projectile              Translocation                3
   e - Passage of Golubria            Translocation                4
   f - Excruciating Wounds            Charms/Necromancy            5
 E - the Incunabulum of Attacks
   (You found it on level 5 of the Dungeon)

   Spells                             Type                      Level
   a - Magic Dart                     Conjuration                  1
   b - Fulminant Prism                Conjuration/Hexes            4
   c - Venom Bolt                     Conjuration/Poison           5
   d - Freezing Cloud                 Conjuration/Ice/Air          6
 F - a book of Enchantments

   Spells                             Type                      Level
   a - Cause Fear                     Hexes                        4
   b - Silence                        Hexes/Air                    5
   c - Deflect Missiles               Charms/Air                   6
   d - Haste                          Charms                       6
   e - Discord                        Hexes                        8
Comestibles
 d - 2 bread rations {@e1}
 f - 3 meat rations {@e2}
 s - a slice of pizza
 A - 4 fruits
 H - a chunk of flesh {@w0}


   Skills:
 + Level 0.6 Fighting
 + Level 3.1 Short Blades
 + Level 2.1 Dodging
 + Level 5.6 Stealth
 - Level 4.1 Spellcasting
 * Level 5.3 Hexes
 - Level 2.0 Ice Magic


You couldn't memorise any spells.
You knew the following spells:

 Your Spells              Type           Power        Failure   Level  Hunger
a - Corona                Hex            ###....      1%          1    None
b - Ensorcelled Hibernat  Hex/Ice        ###...       6%          2    ##.....
c - Confuse               Hex            ###.....     8%          3    ###....
d - Tukima's Dance        Hex            ###.....     8%          3    ###....
e - Dazzling Spray        Conj/Hex       ##......     17%         3    ###....
f - Blink                 Tloc           N/A          24%         2    ##.....


Dungeon Overview and Level Annotations

Branches:
Dungeon (6/15)
 Temple: D:4-7

Altars:
Dithmenos
Fedhas
Qazlal
Ru
Sif Muna


Innate Abilities, Weirdness & Mutations

You have extremely sharp teeth.
You heal very quickly.
When hurt, damage is shared between your health and your magic reserves.
Your bite disrupts and absorbs the magic of your enemies.
Potions and wands cannot restore your health.
You are immune to rotting.


Message History

The centaur resists with some effort.
The centaur unwields an uncursed enchanted shortbow.
The centaur closely misses you. The giant frog hits you.
Casting: Ensorcelled Hibernation
Confirm with . or Enter, or press ? or * to list all spells.
Aiming: Ensorcelled Hibernation
Press: ? - help, Shift-Dir - straight line, f/p - centaur
Aim: a centaur (umbra, chance to defeat MR: 46%)
The centaur looks drowsy...
The giant frog hits you.
* * * LOW HITPOINT WARNING * * *
The helpless centaur fails to defend itself.
You impale the centaur!! You drain the centaur!
You kill the centaur!
Dithmenos accepts your kill.
Your Dodging skill increases to level 2!
Your life force feels restored.
The giant frog hits you.
* * * LOW HITPOINT WARNING * * *
The giant frog hits you!
You die...

.. #.......?..
... #..........
.....#........#
....#........#
............##
.....[......#
..#F%..:...#
#.#.@).....#
#.#(.......#
#<.........#
#####......#
...#### ####


You could see a giant frog.

Vanquished Creatures
  A phantom (D:4)
  A centaur (D:6)
  A crimson imp (D:5)
  A giant frog skeleton (D:5)
  A hound (D:5)
  An orc priest (D:4)
  4 orc wizards
  2 worker ants (D:5)
  An iguana (D:4)
  4 gnolls (D:5)
  4 adders
  A shadow imp (D:5)
  An ooze (D:1)
  2 worms (D:2)
  2 giant geckos (D:5)
  24 orcs
  3 ball pythons
  5 hobgoblins
  4 jackals (D:3)
  10 kobolds
  4 quokkas
  10 bats
  3 giant cockroaches
  7 giant newts
  4 goblins
  6 rats
107 creatures vanquished.

Notes
Turn   | Place    | Note
--------------------------------------------------------------
     0 | D:1      | derrpe the Vine Stalker Enchanter began the quest for the Orb.
     0 | D:1      | Reached XP level 1. HP: 9/9 MP: 4/4
   298 | D:1      | Reached skill level 1 in Short Blades
   329 | D:1      | Reached XP level 2. HP: 13/13 MP: 3/6
   334 | D:1      | Learned a level 2 spell: Ensorcelled Hibernation
   700 | D:1      | Reached skill level 4 in Stealth
   700 | D:1      | Reached XP level 3. HP: 16/16 MP: 7/7
  1165 | D:2      | Learned a level 3 spell: Confuse
  1220 | D:2      | Found a blossoming altar of Fedhas.
  1400 | D:2      | Reached skill level 1 in Ice Magic
  1940 | D:3      | Reached XP level 4. HP: 21/21 MP: 9/9
  2261 | D:3      | Found a stormy altar of Qazlal.
  2558 | D:3      | Reached XP level 5. HP: 20/24 MP: 5/10
  2624 | D:3      | Learned a level 3 spell: Tukima's Dance
  2636 | D:3      | Found a deep blue altar of Sif Muna.
  3170 | D:4      | Noticed a phantom
  3755 | D:4      | Killed a phantom
  3755 | D:4      | Gained mutation: You heal very quickly. [Vine Stalker growth]
  3755 | D:4      | Reached XP level 6. HP: 2/28 MP: 3/12
  3862 | D:4      | Found a shadowy altar of Dithmenos.
  3885 | D:4      | Became a worshipper of Dithmenos the Shadowed
  4317 | D:5      | Entered Level 5 of the Dungeon
  4393 | D:5      | Reached skill level 5 in Stealth
  4398 | D:5      | Learned a level 3 spell: Dazzling Spray
  4438 | D:5      | Reached XP level 7. HP: 2/32 MP: 11/14
  4638 | D:5      | Found a sacrificial altar of Ru.
  4640 | D:5      | Identified Maoxytrior's Incunabulum of Lucky Dislocation
  4645 | D:5      | Identified the Incunabulum of Attacks
  4649 | D:5      | Learned a level 2 spell: Blink
  4670 | D:5      | Reached skill level 5 in Hexes
  4697 | D:5      | Reached * piety under Dithmenos
  5182 | D:6      | Slain by a giant frog

Vault maps used:
D:1:      elethiomel_arrival_infinity_welcomes_careful_drivers, serial_bayou,
          serial_bayou_pond_a, serial_bayou_lake_a, serial_bayou_shore_b
D:2:      lemuel_crystal_altar
D:3:      nicolae_overflow_crystal_walls, led_sif_book
D:4:      nicolae_overflow_hidden_temple,
          nicolae_dithmenos_through_a_glass_darkly, first_bread
D:5:      basic_altar
D:6:      xom_redecorated, lemuel_coloured_pillars_altar, lemuel_doored_altar,
          nicolae_ossuary_entry_catacombs, hangedman_abyss_or_decor_lesser_grid,
          minivault_11, minivault_22, corexii_checkpoint_b,
          uniq_crazy_yiuf_cottage

Action                   |  1- 3 |  4- 6 |  7- 9 || total
-------------------------+-------+-------+-------++-------
Melee: Dagger            |   114 |   123 |       ||   237
       Short sword       |       |    65 |    48 ||   113
 Cast: Ensorcelled Hiber |     5 |    31 |     6 ||    42
       Corona            |     1 |     1 |       ||     2
       Confuse           |       |     7 |     1 ||     8
  Use: Potion            |       |     2 |       ||     2
 Stab: Sleeping          |    16 |    23 |     6 ||    45
       Confused          |       |       |     1 ||     1
  Eat: Chunk             |     4 |     8 |     3 ||    15
       Royal jelly       |       |     1 |       ||     1
